Workbook

Sheet Wallstreetmojo.com
A1: Plant Assets Excel Template
A3: Prepared by Dheeraj Vaidya, CFA, FRM
A4: dheeraj@wallstreetmojo.com
A6: visit - www.wallstreetmojo.com

Sheet Example 1
A1: Inputs | B1: All Amounts in $
A2: Cost of the Plant as on Jan 1, 2019 | B2: 10000
A3: Life of the Asset (As Prescribed by Law) in Years | B3: 5
A4: Salvage Value at the End of 5 Years | B4: 2000
A5: Rate of Depreciation | B5: 0.15
A6: Depreciable Value | B6: =B2-B4 -> 8000
C8: Particular | D8: Values
C9: Purchase Price | D9: xx
C10: Cost Incurred to make the Asset Ready for use | D10: xx
C11: Capitalization Value | D11: xx

Sheet Example 2
B2: Year | C2: Value as on January | D2: Depreciation | E2: Value as on December | J2: Particular | K2: Debit | L2: Credit
B3: 2019 | C3: ='Example 1'!B2 -> 10000 | D3: ='Example 1'!$B$6/'Example 1'!$B$3 -> 1600 | E3: =C3-D3 -> 8400 | J3: Acquisition of Land
B4: 2020 | C4: =E3 -> 8400 | D4: ='Example 1'!$B$6/'Example 1'!$B$3 -> 1600 | E4: =C4-D4 -> 6800 | J4: Land | K4: 10000
B5: =B4+1 -> 2021 | C5: =E4 -> 6800 | D5: ='Example 1'!$B$6/'Example 1'!$B$3 -> 1600 | E5: =C5-D5 -> 5200 | J5: Cash/Bank | L5: 10000
B6: =B5+1 -> 2022 | C6: =E5 -> 5200 | D6: ='Example 1'!$B$6/'Example 1'!$B$3 -> 1600 | E6: =C6-D6 -> 3600 | J6: Levelling of the Land
B7: =B6+1 -> 2023 | C7: =E6 -> 3600 | D7: ='Example 1'!$B$6/'Example 1'!$B$3 -> 1600 | E7: =C7-D7 -> 2000 | J7: Land Improvements | K7: 3000
J8: Cash/Bank | L8: 3000
B9: Year | C9: Value as on January | D9: Depreciation | E9: Value as on December | J9: Parking Lot
B10: 2019 | C10: ='Example 1'!B2 -> 10000 | D10: =C10*'Example 1'!$B$5 -> 1500 | E10: =C10-D10 -> 8500 | J10: Land Improvements | K10: 9000
B11: 2020 | C11: =E10 -> 8500 | D11: =C11*'Example 1'!$B$5 -> 1275 | E11: =C11-D11 -> 7225 | J11: Cash/Bank | L11: 9000
B12: =B11+1 -> 2021 | C12: =E11 -> 7225 | D12: =C12*'Example 1'!$B$5 -> 1083.75 | E12: =C12-D12 -> 6141.25 | J12: Depreciation Entry
B13: =B12+1 -> 2022 | C13: =E12 -> 6141.25 | D13: =C13*'Example 1'!$B$5 -> 921.1875 | E13: =C13-D13 -> 5220.0625 | J13: Depreciation | K13: 300
B14: =B13+1 -> 2023 | C14: =E13 -> 5220.0625 | D14: =C14*'Example 1'!$B$5 -> 783.00937 | E14: =C14-D14 -> 4437.0531 | J14: Accumulated Depreciation | L14: 300
B16: Year | C16: Value as on January | D16: Remaining Useful Life | E16: Depreciation Fraction | F16: Depreciation Expense | G16: Value as on December
B17: 1 | C17: ='Example 1'!B2 -> 10000 | D17: 5 | E17: =D17/'Example 2'!$C$24 -> 0.33333333 | F17: ='Example 1'!$B$6*E17 -> 2666.6667 | G17: =C17-F17 -> 7333.3333
B18: 2 | C18: =G17 -> 7333.3333 | D18: 4 | E18: =D18/'Example 2'!$C$24 -> 0.26666667 | F18: ='Example 1'!$B$6*E18 -> 2133.3333 | G18: =C18-F18 -> 5200
B19: 3 | C19: =G18 -> 5200 | D19: 3 | E19: =D19/'Example 2'!$C$24 -> 0.2 | F19: ='Example 1'!$B$6*E19 -> 1600 | G19: =C19-F19 -> 3600
B20: 4 | C20: =G19 -> 3600 | D20: 2 | E20: =D20/'Example 2'!$C$24 -> 0.13333333 | F20: ='Example 1'!$B$6*E20 -> 1066.6667 | G20: =C20-F20 -> 2533.3333
B21: 5 | C21: =G20 -> 2533.3333 | D21: 1 | E21: =D21/'Example 2'!$C$24 -> 0.066666667 | F21: ='Example 1'!$B$6*E21 -> 533.33333 | G21: =C21-F21 -> 2000
B23: Sum of Digits | C23: 1+2+3+4+5
C24: =SUM('Example 2'!B17:B21) -> 15
